 Dungeon Crawl Stone Soup version 0.27.1-16-g815e20cd7a (webtiles) character file.

Game seed: 16241538099182260660

646 DenSaoPin the Cleaver (level 7, 0/57 HPs)
             Began as a Hill Orc Monk on Nov 22, 2021.
             Slain by an orc warrior (7 damage)
             ... on level 6 of the Dungeon.
             The game lasted 00:16:12 (7280 turns).

DenSaoPin the Cleaver (Hill Orc Monk)               Turns: 7280, Time: 00:16:13

Health: 0/57       AC: 13    Str: 16    XL:     7   Next: 52%
Magic:  7/7        EV:  5    Int: 16    God:
Gold:   121        SH:  0    Dex: 13    Spells: 6/6 levels left

rFire    . . .     SeeInvis .   v - +2 broad axe (freeze)
rCold    . . .     Faith    .   (no shield)
rNeg     . . .     Spirit   .   y - +0 plate armour
rPois    .         Reflect  .   (no helmet)
rElec    .         Harm     .   (no cloak)
rCorr    .         Rampage  .   (no gloves)
Will     .....                  q - +0 pair of boots
Stlth    ..........             o - amulet of magic regeneration
HPRegen  0.19/turn              g - +6 ring of intelligence
MPRegen  0.35/turn              j - ring of wizardry

@: no status effects
A: no striking features
a: no special abilities


You were on level 6 of the Dungeon.
You visited 1 branch of the dungeon, and saw 6 of its levels.

You collected 313 gold pieces.
You spent 192 gold pieces at shops.

Inventory:

Hand Weapons
 a - a +0 hand axe
 k - a +2 rapier of draining
 t - a +2 whip of holy wrath
 u - a +0 halberd
 v - a +2 broad axe of freezing (weapon)
 x - a +1 vorpal war axe
Armour
 b - a +0 robe
 i - a +0 ring mail
 q - a +0 pair of boots (worn)
 y - a +0 plate armour (worn)
Jewellery
 g - a +6 ring of intelligence (left hand)
 j - a ring of wizardry (right hand)
 o - an amulet of magic regeneration (around neck)
Scrolls
 c - 2 scrolls of silence {unknown}
 e - 4 scrolls of identify {unknown}
 h - 2 scrolls of amnesia {unknown}
 m - a scroll of fear {unknown}
 n - a scroll of immolation {unknown}
 p - a scroll of noise {unknown}
 r - a scroll of enchant armour {unknown}
 s - a scroll of magic mapping {unknown}
 z - a scroll of torment {unknown}
 A - a scroll of enchant weapon {unknown}
Potions
 d - a potion of brilliance {unknown}
 f - a potion of curing
 l - 2 potions of flight {unknown}
 w - a potion of cancellation {unknown}
 B - 2 potions of degeneration {unknown}


   Skills:
 - Level 3.6 Fighting
 * Level 8.9 Axes
 + Level 5.4 Armour
 - Level 2.4 Dodging
 - Level 1.5 Stealth


You had 6 spell levels left.
You didn't know any spells.
Your spell library was empty.

Dungeon Overview and Level Annotations

Branches:
Dungeon (6/15)             Temple (0/1) D:5

Altars:
Ashenzari
Gozag
Nemelex Xobeh
Qazlal
Uskayaw
Vehumet
The Shining One

Shops:
D:2 *   D:4 (


Message History

The orc warrior barely misses you.
Your plate armour prevents you from hitting the orc warrior.
The orc warrior is moderately wounded.
The orc warrior hits you with a +0 scimitar! x2
You barely miss the orc warrior.
The orc warrior is moderately wounded.
The orc warrior hits you but does no damage.
You barely miss the orc warrior.
The orc warrior is moderately wounded.
The orc warrior barely misses you.
You closely miss the orc warrior.
The orc warrior is moderately wounded.
The orc warrior hits you with a +0 scimitar.
You hit the orc warrior. You freeze the orc warrior.
The orc warrior is heavily wounded.
The orc warrior barely misses you.
You hit the orc warrior but do no damage.
The orc warrior is heavily wounded.
The orc warrior hits you but does no damage.
You hit the orc warrior but do no damage.
The orc warrior is heavily wounded.
The orc warrior hits you with a +0 scimitar!
* * * LOW HITPOINT WARNING * * *
You closely miss the orc warrior.
The orc warrior is heavily wounded.
The orc warrior hits you with a +0 scimitar.
* * * LOW HITPOINT WARNING * * *
You completely miss the orc warrior.
The orc warrior is heavily wounded.
The orc warrior hits you with a +0 scimitar.
* * * LOW HITPOINT WARNING * * *
The orc warrior hits you but does no damage.
You slash the orc warrior! You freeze the orc warrior.
The orc warrior is almost dead.
The orc warrior hits you with a +0 scimitar.
* * * LOW HITPOINT WARNING * * *
You barely miss the orc warrior.
The orc warrior is almost dead.
The orc warrior hits you with a +0 scimitar!
You die...

#. #. #.#########
####### #.........#
....... #...<.....#
....... #...<....#
....... #........#
.......####........#
......)o@.(........#
.>....)####........#
....... #........#
..<.... #........#
.....$. #........#
####### ##########


You could see an orc warrior.

Vanquished Creatures
  An ogre (D:5)
  A phantom (D:4)
  2 scorpions (D:5)
  A jelly (D:4)
  A bullfrog skeleton (D:5)
  A gnoll shaman (D:3)
  An orc wizard (D:6)
  2 hound zombies (D:5)
  A hound skeleton (D:4)
  5 adders
  5 gnolls
  An ufetubus (D:5)
  3 worms
  2 dart slugs (D:3)
  25 orcs
  6 bats
  7 endoplasms
  2 giant cockroaches
  2 goblins
  7 hobgoblins
  4 jackals (D:2)
  4 quokkas
  2 ball pythons
  5 frilled lizards
  4 kobolds
  5 rats
100 creatures vanquished.

Notes
Turn   | Place    | Note
-------+----------+-------------------------------------------
     0 | D:1      | DenSaoPin the Hill Orc Monk began the quest for the Orb.
     0 | D:1      | Reached XP level 1. HP: 19/19 MP: 1/1
    23 | D:1      | Found a faded altar of an unknown god.
   440 | D:1      | Reached skill level 1 in Armour
   440 | D:1      | Reached XP level 2. HP: 15/26 MP: 2/2
  1218 | D:2      | Reached XP level 3. HP: 2/31 MP: 3/3
  1959 | D:2      | Reached skill level 5 in Axes
  2593 | D:2      | Found Nynaxkudyi's Assorted Antiques.
  2641 | D:2      | Found a broken altar of Ashenzari.
  2880 | D:3      | Reached XP level 4. HP: 32/39 MP: 4/4
  3044 | D:3      | Found a radiant altar of Vehumet.
  3045 | D:3      | Found a hide-covered altar of Uskayaw.
  3075 | D:3      | Found a broken altar of Ashenzari.
  3076 | D:3      | Found a glowing golden altar of the Shining One.
  3469 | D:3      | Found an opulent altar of Gozag.
  3469 | D:3      | Found a sparkling altar of Nemelex Xobeh.
  3960 | D:3      | Reached XP level 5. HP: 39/45 MP: 5/5
  4420 | D:4      | Reached skill level 6 in Axes
  4807 | D:4      | Found Lyd Vusacick's Weapon Boutique.
  4811 | D:4      | Noticed a phantom
  5809 | D:4      | Reached XP level 6. HP: 50/51 MP: 6/6
  5839 | D:4      | Bought a +2 broad axe of freezing for 192 gold pieces
  6010 | D:4      | Found a stormy altar of Qazlal.
  6013 | D:4      | Reached skill level 7 in Axes
  6138 | D:5      | Entered Level 5 of the Dungeon
  6502 | D:5      | Reached skill level 8 in Axes
  6502 | D:5      | Reached skill level 5 in Armour
  6502 | D:5      | Reached XP level 7. HP: 40/57 MP: 7/7
  6822 | D:5      | Found a staircase to the Ecumenical Temple.
  7280 | D:6      | Slain by an orc warrior

Illustrated notes

Levels and vault maps discovered:
D:1:      dpeg_arrival_tiny_a, layout_basic, serial_forest,
          infiniplex_forest_lined_3, infiniplex_forest_clump_tiny,
          infiniplex_forest_straight_2, infiniplex_forest_diagonal,
          infiniplex_forest_lined_room_2, shapermc_ecumenical_altar_notcrosses
D:2:      layout_basic, basic_altar, serial_shops, nicolae_shop_waterfront,
          grunt_decor_arrowhead, minmay_pentomino_t4
D:3:      layout_basic, grunt_temple_overflow_opulence,
          mainiacjoe_overflow_alcove_3
D:4:      layout_basic, marbit_many_paths, serial_shops, nicolae_shop_stone
D:5:      layout_loops_ring, minmay_temple_entry_trees, minmay_misc_feat_iff
D:6:      minmay_flawed_box, layout_rooms, kennysheep_mini,
          nicolae_ossuary_entry_ruins

Skill      XL: |  1  2  3  4  5  6 |
---------------+-------------------+-----
Armour         | 1 2 3 4 5 |  5.4
Axes           | 5 6 8 |  8.9
Fighting       | |  3.6
Dodging        | |  2.4
Stealth        | |  1.5

Action                   |  1- 3 |  4- 6 |  7- 9 || total
-------------------------+-------+-------+-------++-------
Melee: Hand axe          |   194 |   132 |       ||   326
       Broad axe         |       |    32 |    59 ||    91
  Use: Potion            |     4 |     4 |       ||     8
 Stab: Sleeping          |     2 |       |       ||     2
Armor: Robe              |    17 |       |       ||    17
       Ring mail         |    26 |    41 |     9 ||    76
       Skin              |    13 |     3 |       ||    16
       Plate armour      |       |       |    19 ||    19
Dodge: Dodged            |   132 |    80 |    22 ||   234
